 Dungeon Crawl Stone Soup version 0.26-a0-712-ga5a9c9c9d0 (webtiles) character file.

Game seed: 9733487589623375336

86 GordonOverkill the Chiller (level 4, 0/22 HPs)
             Began as a Spriggan Ice Elementalist on Nov 1, 2020.
             Killed from afar by an orc wizard (11 damage)
             ... with a puff of flame
             ... on level 3 of the Dungeon.
             The game lasted 00:03:29 (2182 turns).

GordonOverkill the Chiller (SpIE)                   Turns: 2182, Time: 00:03:30

Health: 0/22       AC:  9    Str: 10    XL:     4   Next: 26%
Magic:  2/10       EV: 18    Int: 17    God:
Gold:   81         SH:  0    Dex: 16    Spells: 9/10 levels left

rFire    . . .     SeeInvis +   j - +2 short sword (protect)
rCold    . . .     Faith    .   (shield restricted)
rNeg     . . .     Spirit   .   a - +0 robe
rPois    .         Reflect  .   (helmet restricted)
rElec    .         Harm     .   (no cloak)
rCorr    .         Rampage  .   (gloves unavailable)
MR       .....                  (boots unavailable)
Stlth    ++........             (no amulet)
HPRegen  0.07/turn              g - +6 ring of strength
MPRegen  0.12/turn              (no ring)

@: protection aura, very quick
A: very small, unfitting armour, see invisible, speed 3
a: no special abilities


You were on level 3 of the Dungeon.
You visited 1 branch of the dungeon, and saw 3 of its levels.

You collected 81 gold pieces.

Inventory:

Hand Weapons
 j - a +2 short sword of protection (weapon)
Missiles
 r - 18 poisoned darts (quivered)
Armour
 a - a +0 robe (worn)
Jewellery
 g - a +6 ring of strength (left hand)
Scrolls
 b - a scroll of fear {unknown}
 c - a scroll of noise {unknown}
 d - 2 scrolls of fog {unknown}
 f - 2 scrolls of amnesia {unknown}
 h - 3 scrolls of identify {unknown}
 i - 2 scrolls of teleportation {unknown}
 l - a scroll of remove curse {unknown}
 m - a scroll of blinking {unknown}
 n - a scroll of immolation {unknown}
 o - 3 scrolls of enchant weapon {unknown}
Potions
 e - a potion of heal wounds {unknown}
 k - a potion of haste {unknown}
 p - a potion of curing {unknown}
 q - a potion of invisibility {unknown}


   Skills:
 + Level 1.3 Fighting
 - Level 3.0 Dodging
 - Level 3.0 Stealth
 + Level 3.6 Spellcasting
 * Level 4.1 Ice Magic


You had 9 spell levels left.
You knew the following spells:

 Your Spells              Type           Power        Failure   Level
a - Freeze                Ice            ###.         3%          1

Your spell library contained the following spells:

 Spells                   Type           Power        Failure   Level
 Frozen Ramparts          Ice            ###...       9%          3
 Ozocubu's Armour         Ice            ###.....     9%          3
 Hailstorm                Conj/Ice       ##......     56%         4
 Summon Ice Beast         Ice/Summ       ##......     56%         4


Dungeon Overview and Level Annotations

Branches:
Dungeon (3/15)

Altars:
Gozag
Kikubaaqudgha


Innate Abilities, Weirdness & Mutations

You are very small and have problems with some larger weapons.
You are too small for most types of armour.
You have supernaturally acute eyesight. (SInv)
You cover ground extremely quickly.


Message History

The orc wizard barely misses you.
You hit the orc wizard.
The orc wizard is lightly wounded.
The orc wizard hits you with a +0 dagger.
You hit the orc wizard but do no damage.
The orc wizard is lightly wounded.
The orc wizard hits you but does no damage.
You hit the orc wizard.
The orc wizard is moderately wounded.
The orc wizard points at you and mumbles some strange words.
The puff of flame hits you!
You miss the orc wizard.
The orc wizard is moderately wounded.
The orc wizard closely misses you.
You barely miss the orc wizard.
The orc wizard is moderately wounded.
The orc wizard points at you and mumbles some strange words.
The puff of flame hits you!
Ouch! That really hurt!
You die...

........#######.
#####.......l.>.
#...########
#....# #....#
#..#.# #..#r#
#..#o# #..#@# .
#..#.###..
....##...........
.......<#.###...#
....##..#.# >#
### #..#.# #..#.#
#..#.# #..#.#


You could see an orc wizard and a quokka.

Vanquished Creatures
  4 adders
  A worm (D:2)
  A leopard gecko (D:2)
  4 orcs (D:3)
  2 giant cockroaches
  2 goblins
  4 hobgoblins
  7 jackals
  6 kobolds
  6 bats
  3 frilled lizards
40 creatures vanquished.

Vanquished Creatures (others)
  5 plants (D:3)
5 creatures vanquished.

Grand Total: 45 creatures vanquished

Notes
Turn   | Place    | Note
-------+----------+-------------------------------------------
     0 | D:1      | GordonOverkill the Spriggan Ice Elementalist began the
                  | quest for the Orb.
     0 | D:1      | Reached XP level 1. HP: 9/9 MP: 5/5
   286 | D:1      | Reached XP level 2. HP: 14/14 MP: 1/6
  1030 | D:2      | Found an opulent altar of Gozag.
  1136 | D:2      | Reached XP level 3. HP: 10/17 MP: 5/8
  1266 | D:2      | Reached skill level 1 in Fighting
  1641 | D:2      | Reached skill level 4 in Ice Magic
  1928 | D:2      | Found an ancient bone altar of Kikubaaqudgha.
  2101 | D:3      | Reached XP level 4. HP: 22/22 MP: 7/10
  2182 | D:3      | Killed from afar by an orc wizard

Illustrated notes

Levels and vault maps discovered:
D:1:      psy_arrival_dodecagon, layout_rooms, minmay_tetromino_o4
D:2:      layout_rooms, marbit_many_paths, grunt_gozag_breadcrumbs
D:3:      layout_basic, serial_bayou, serial_bayou_pond_c, serial_bayou_pond_d,
          serial_bayou_ford_a, serial_bayou_lagoon_b

Skill      XL: |  1  2  3 |
---------------+----------+-----
Spellcasting   | 3 |  3.6
Fighting       | 1 |  1.3
Ice Magic      | 4 |  4.1
Dodging        | |  3.0
Stealth        | |  3.0

Action                   |  1- 3 |  4- 6 || total
-------------------------+-------+-------++-------
Melee: Unarmed           |     2 |       ||     2
       Short sword       |     4 |     6 ||    10
 Cast: Freeze            |    59 |    12 ||    71
 Stab: Sleeping          |     1 |       ||     1
Armor: Robe              |     3 |     1 ||     4
Dodge: Dodged            |    57 |     8 ||    65

Table legend: (Time is in decaauts)
 A = Elapsed time spent in this place.
 B = Non-inter-level travel time spent in this place.
 C = Inter-level travel time spent in this place.
 D = Time resting spent in this place.
 E = Time spent auto-exploring this place.
 F = Levels seen in this place.
 G = Mean time per level.
                   A        B        C        D        E       F      G
               +--------+--------+--------+--------+--------+-----+--------+
         Total |   1811 |   1771 |     40 |   1079 |    421 |   3 |  603.7 |
       Dungeon |   1811 |   1771 |     40 |   1079 |    421 |   3 |  603.7 |
               +--------+--------+--------+--------+--------+-----+--------+

Top non-repeatable levels by time:
     D:1: 939 daAuts
     D:2: 796 daAuts
     D:3: 75 daAuts
